 Dungeon Crawl Stone Soup version 0.25.1-2-g60ff931df9 (webtiles) character file.

Game seed: 3755285466766330810

1799 Johnny the Spear-Bearer (level 8, -4/67 HPs)
             Began as a Demigod Gladiator on Aug 20, 2020.
             Slain by a sun demon (13 damage)
             ... on level 1 of the Abyss.
             The game lasted 00:08:14 (8624 turns).

Johnny the Spear-Bearer (Demigod Gladiator)         Turns: 8624, Time: 00:08:15

Health: -4/67      AC: 11    Str: 21      XL:     8   Next: 53%
Magic:  10/10      EV:  7    Int: 10 (12) God:
Gold:   355        SH:  0    Dex: 16 (17) Spells: 7/7 levels left

rFire    + + .     SeeInvis .   u - +0 halberd
rCold    + . .     Gourm    .   (shield currently unavailable)
rNeg     . . .     Faith    .   r - +0 plate armour
rPois    +         Spirit   .   c - +0 helmet
rElec    +         Reflect  .   (no cloak)
rCorr    +         Harm     .   (no gloves)
MR       +....                  (no boots)
Stlth    ..........             (no amulet)
HPRegen  0.21/turn              y - ring of protection from fire
MPRegen  0.12/turn              z - ring of protection from magic

@: resistant, stab, flying, very slightly contaminated
A: deterioration 1, high mp 1
a: no special abilities


You were on level 1 of the Abyss.
You were full.

You visited 2 branches of the dungeon, and saw 8 of its levels.
You visited the Abyss 1 time.
You also visited: Sewer.

You collected 355 gold pieces.

Inventory:

Hand Weapons
 a - a +0 trident
 u - a +0 halberd (weapon)
Missiles
 d - a throwing net (quivered)
Armour
 c - a +0 helmet (worn)
 r - a +0 plate armour (worn)
Jewellery
 y - a ring of protection from fire (left hand)
 z - a ring of protection from magic (right hand)
Wands
 w - a wand of enslavement (7)
Scrolls
 b - a scroll of enchant armour
 e - a scroll of magic mapping
 g - 3 scrolls of remove curse
 l - 2 scrolls of fog
 m - a scroll of immolation
 p - 2 scrolls of blinking
 v - a scroll of enchant weapon
Potions
 h - 3 potions of stabbing
 i - 3 potions of flight
 j - a potion of heal wounds
 k - a potion of mutation {unknown}
 n - 2 potions of curing
 o - a potion of might {unknown}
 q - a potion of resistance
 s - a potion of haste {unknown}
 t - a potion of invisibility {unknown}
 x - a potion of brilliance {unknown}
Comestibles
 f - 10 rations


   Skills:
 - Level 4.9 Fighting
 * Level 9.8 Polearms
 - Level 1.7 Throwing
 - Level 2.6 Dodging


You had 7 spell levels left.
You didn't know any spells.
Your spell library contained the following spells:

 Spells                   Type           Power        Failure   Level  Hunger
 Beastly Appendage        Tmut           #.....       100%        1    ##.....
 Foxfire                  Conj/Fire      #...         100%        1    ##.....
 Shock                    Conj/Air       #...         100%        1    ##.....
 Sting                    Tmut/Pois      #...         100%        1    ##.....
 Poisonous Vapours        Pois/Air       #.....       100%        2    ###....
 Sticks to Snakes         Tmut           #.......     100%        2    ###....
 Swiftness                Chrm/Air       #.......     100%        2    ###....
 Conjure Flame            Conj/Fire      #.......     100%        3    ####...
 Ignite Poison            Fire/Tmut/Pois #.......     100%        3    ####...
 Inner Flame              Hex/Fire       #.......     100%        3    ####...
 Mephitic Cloud           Conj/Pois/Air  #.......     100%        3    ####...
 Spider Form              Tmut/Pois      #.........   100%        3    ####...
 Static Discharge         Conj/Air       #.......     100%        3    ####...
 Airstrike                Air            #.........   100%        4    #####..
 Ice Form                 Ice/Tmut       #.......     100%        4    #####..
 Olgreb's Toxic Radiance  Pois           #.......     100%        4    #####..
 Sticky Flame             Conj/Fire      #.......     100%        4    #####..
 Blade Hands              Tmut           #.........   100%        5    ######.
 Fireball                 Conj/Fire      #.........   100%        5    ######.
 Lightning Bolt           Conj/Air       #.........   100%        5    ######.


Dungeon Overview and Level Annotations

Branches:
Dungeon (7/15)             Temple (1/1) D:6           Sewer (visited)


Innate Abilities, Weirdness & Mutations

You have an increased reservoir of magic. (+10% MP)
Your body sometimes deteriorates upon taking damage.


Message History

It was a potion of stabbing.
You feel ready to backstab.
The worldbinder calls forth creatures from the Spider Nest!
The sun demon hits you!
* * * LOW HITPOINT WARNING * * *
You are engulfed in flames.
You resist.
* * * LOW HITPOINT WARNING * * *
You feel much better. The worldbinder closely misses you. x2
The sun demon hits you!
* * * LOW HITPOINT WARNING * * *
You are engulfed in flames.
You resist.
* * * LOW HITPOINT WARNING * * *
The jumping spider leaps!
The worldbinder hits you.
* * * LOW HITPOINT WARNING * * *
The worldbinder completely misses you.
Unknown command.
It was a potion of resistance.
You feel protected. The sun demon hits you!
You die...

. ## ## ## ..##. ..
### . #..s##. . #.
#....## # . # ##
#.#°.#..# ## ###.##
#.@..# ##.#.. .. #
###x#3##
.....#.Z#.##.#.ss5.#
#...5. ..# .5...#5.#
°. . ...#.Z#####.###
##...##...# . ## ..
. ... #.
...##..#....#.# .#
.# ##.###..# # .#


You could see a sun demon (inner flame), a worldbinder (inner flame), a jumping
spider (summoned), a tarantella (summoned), a shadow imp (summoned) and 2
ufetubi.

Vanquished Creatures
  An ice beast (D:5)
  2 phantoms (D:6)
  A centaur (D:7)
  2 ogres
  A big kobold (Sewer)
  A scorpion (D:6)
  5 wights
  2 howler monkeys
  4 crimson imps
  A centaur skeleton (D:6)
  An orc priest (D:5)
  6 orc wizards
  3 iguanas
  5 worker ants
  7 adders
  6 gnolls
  A howler monkey skeleton (D:7)
  An adder skeleton (D:4)
  3 worms
  2 dart slugs
  4 leopard geckos
  16 orcs
  5 ball pythons
  4 giant cockroaches
  11 goblins
  5 hobgoblins
  6 jackals
  2 quokkas
  6 bats
  10 frilled lizards
  A giant cockroach zombie (D:6)
  16 kobolds
  10 rats
151 creatures vanquished.

Vanquished Creatures (collateral kills)
  2 killer bees (D:7)
2 creatures vanquished.

Vanquished Creatures (others)
  2 killer bees (D:7)
  An orc wizard (D:4)
3 creatures vanquished.

Grand Total: 156 creatures vanquished

Notes
Turn   | Place    | Note
-------+----------+-------------------------------------------
     0 | D:1      | Johnny the Demigod Gladiator began the quest for the Orb.
     0 | D:1      | Reached XP level 1. HP: 17/17 MP: 3/3
   124 | D:1      | Reached skill level 3 in Polearms
   257 | D:1      | Reached XP level 2. HP: 24/24 MP: 4/4
   882 | D:2      | Reached XP level 3. HP: 29/29 MP: 5/5
   996 | D:2      | Found a faded altar of an unknown god.
  1014 | D:2      | You fall into a shaft and drop 2 floors!
  1055 | D:4      | Reached skill level 4 in Polearms
  1058 | D:3      | Noticed Terence
  1060 | D:3      | Noticed Terence
  1060 | D:3      | Terence changed into Terence the gnoll
  1069 | D:3      | Killed Terence the gnoll
  1069 | D:3      | Reached XP level 4. HP: 9/37 MP: 6/6
  1629 | D:3      | Found a glowing drain.
  1650 | Sewer    | Entered a sewer
  1890 | Sewer    | Noticed a big kobold
  1937 | Sewer    | Killed a big kobold
  1937 | Sewer    | Reached XP level 5. HP: 19/45 MP: 7/7
  2164 | Sewer    | Found a white marble altar of Elyvilon.
  2620 | D:2      | Reached skill level 5 in Polearms
  2804 | D:2      | Found an ancient bone altar of Kikubaaqudgha.
  3129 | D:2      | Found a stormy altar of Qazlal.
  3658 | D:4      | Reached XP level 6. HP: 46/52 MP: 8/8
  4408 | D:4      | Reached skill level 6 in Polearms
  4764 | D:4      | Found a basalt altar of Yredelemnul.
  5290 | D:5      | Entered Level 5 of the Dungeon
  5299 | D:5      | Reached XP level 7. HP: 60/60 MP: 9/9
  5806 | D:5      | Reached skill level 7 in Polearms
  6519 | D:6      | Reached skill level 8 in Polearms
  6560 | D:6      | Reached XP level 8. HP: 57/67 MP: 10/10
  6700 | D:6      | Found a shadowy altar of Dithmenos.
  6769 | D:6      | Found a sacrificial altar of Ru.
  6832 | D:6      | Found a staircase to the Ecumenical Temple.
  7620 | D:6      | Found a radiant altar of Vehumet.
  7765 | Temple   | Entered the Ecumenical Temple
  7829 | D:7      | Reached skill level 9 in Polearms
  8524 | D:7      | Cast into level 1 of the Abyss (gnoll)
  8589 | Abyss:1  | Noticed a worldbinder
  8598 | Abyss:1  | Noticed a jumping spider
  8602 | Abyss:1  | Noticed a sun demon
  8603 | Abyss:1  | Gained mutation: Your body sometimes deteriorates upon
                  | taking damage. [a neqoxec]
  8616 | Abyss:1  | Noticed a jumping spider
  8618 | Abyss:1  | Noticed a jumping spider
  8623 | Abyss:1  | Noticed a jumping spider
  8623 | Abyss:1  | Noticed a jumping spider
  8624 | Abyss:1  | Slain by a sun demon

Illustrated notes

Levels and vault maps discovered:
D:1:      nzn_arrival_crosshair, layout_basic, corexii_item_surrounded_by_moat
D:2:      layout_loops_ring, kiku_gazebo_pond_becter,
          nicolae_qazlal_eye_of_the_storm, chequers_ecumenical_altar_simple
D:3:      layout_basic, portal_sewer_entry_d, uniq_terence
D:4:      layout_basic, kennysheep_little_box, first_ration
D:5:      layout_rooms, corexii_checkpoint_a
D:6:      minmay_recursive_quarters, layout_loops_ring, grunt_dithmenos_shadows,
          nicolae_ru_awakened_eye, kennysheep_mini,
          minmay_temple_entry_offerings, minmay_holes
D:7:      layout_loops_cross, fedhas_ov_isle_minmay
Temple:   pf_slimified_temple
Abyss:1:  base:
D:2

Skill      XL: |  1  2  3  4  5  6  7  8 |
---------------+-------------------------+-----
Fighting       | 2 3 4 |  4.9
Polearms       | 3 4 5 6 8 9 |  9.8
Throwing       | |  1.7
Dodging        | |  2.6

Action                   |  1- 3 |  4- 6 |  7- 9 || total
-------------------------+-------+-------+-------++-------
Melee: Trident           |   126 |   345 |    42 ||   513
       Halberd           |       |       |   301 ||   301
Throw: Throwing net      |     2 |     3 |       ||     5
Evoke: Wand              |     1 |       |     5 ||     6
  Use: Scroll            |       |     4 |     5 ||     9
       Potion            |       |       |     8 ||     8
 Stab: Sleeping          |     3 |     5 |       ||     8
       Held in net/web   |       |     1 |       ||     1
  Eat: Chunk             |     1 |     9 |    10 ||    20
       Ration            |       |     1 |     2 ||     3
Armor: Leather armour    |    22 |    32 |       ||    54
       Plate armour      |       |    88 |   213 ||   301
Dodge: Dodged            |    56 |   125 |   110 ||   291
